 Dungeon Crawl Stone Soup version 0.26-a0-667-g92642533e4 (webtiles) character file.

Game seed: 15826787492449186300

8025 Napalmbreeze the Fighter (level 11, -11/110 HPs)
             Began as a Minotaur Hunter on Oct 18, 2020.
             Was an Elder of Okawaru.
             Killed from afar by a deep elf mage (22 damage)
             ... with a bolt of lightning
             ... on level 10 of the Dungeon.
             The game lasted 00:24:30 (10188 turns).

Napalmbreeze the Fighter (Minotaur Hunter)         Turns: 10188, Time: 00:24:31

Health: -11/110    AC: 11    Str: 17    XL:     11   Next: 4%
Magic:  22/22      EV: 16    Int:  8    God:    Okawaru [****..]
Gold:   439        SH:  8    Dex: 14    Spells: 10/10 levels left

rFire    + . .     SeeInvis .   a - +1 hand crossbow
rCold    + . .     Faith    .   G - +2 buckler "Toppoolaah" {rC+ MP+9}
rNeg     . . .     Spirit   .   N - +0 troll leather armour
rPois    .         Reflect  .   (helmet restricted)
rElec    .         Harm     .   (no cloak)
rCorr    .         Rampage  .   v - +1 pair of gloves
MR       .....                  (no boots)
Stlth    +++.......             (no amulet)
HPRegen  0.68/turn              w - ring of protection from fire
MPRegen  0.18/turn              n - +4 ring of protection

@: heroism
A: retaliatory headbutt, horns 2
a: Heroism, Renounce Religion


You were on level 10 of the Dungeon.
You worshipped Okawaru.
Okawaru was greatly pleased with you.
You visited 2 branches of the dungeon, and saw 11 of its levels.

You collected 640 gold pieces.
You spent 201 gold pieces at shops.

Inventory:

Hand Weapons
 a - a +1 hand crossbow (weapon)
 C - a +1 hand axe of electrocution
Missiles
 d - 72 bolts (quivered)
Armour
 v - a +1 pair of gloves (worn)
 G - the +2 buckler "Toppoolaah" (worn) {rC+ MP+9}
   (You found it on level 8 of the Dungeon)

   It protects you from cold.
   It affects your magic capacity (+9).
 N - a +0 troll leather armour (worn)
Jewellery
 f - a +4 ring of evasion
 n - a +4 ring of protection (right hand)
 w - a ring of protection from fire (left hand)
 x - an uncursed ring of positive energy
 y - an uncursed ring of ice {unknown}
 F - an uncursed ring of poison resistance
 I - an uncursed ring of protection from magic
Wands
 c - a wand of flame (14)
 D - a wand of enslavement (12)
 H - a wand of polymorph (9)
 J - a wand of iceblast (8)
Scrolls
 e - 2 scrolls of magic mapping {unknown}
 g - 2 scrolls of enchant armour
 i - 3 scrolls of fog
 j - 4 scrolls of remove curse
 k - 3 scrolls of teleportation
 r - a scroll of amnesia {unknown}
 s - 3 scrolls of immolation
 t - 5 scrolls of enchant weapon
 E - 2 scrolls of fear
 K - a scroll of random uselessness {unknown}
 M - a scroll of blinking
Potions
 b - 3 potions of flight
 h - 4 potions of haste
 l - 4 potions of curing
 m - 2 potions of might
 o - 3 potions of brilliance
 p - a potion of magic
 q - a potion of berserk rage {unknown}
 u - a potion of cancellation
 z - a potion of resistance
 A - 2 potions of mutation
 B - a potion of stabbing {unknown}
Miscellaneous
 L - a condenser vane (2/2)


   Skills:
 + Level 14.1(19.1) Fighting
 + Level 12.1(17.1) Crossbows
 - Level 2.1(7.1) Dodging
 - Level 0.7(5.7) Stealth
 - Level 4.0(9.0) Shields
 - Level 4.0 Invocations


You had 10 spell levels left.
You didn't know any spells.
Your spell library contained the following spells:

 Spells                   Type           Power        Failure   Level
 Corona                   Hex            #......      45%         1
 Shock                    Conj/Air       #...         45%         1
 Ensorcelled Hibernation  Hex/Ice        #.....       61%         2
 Swiftness                Air            #.......     61%         2
 Confusing Touch          Hex            #.......     83%         3
 Dazzling Flash           Conj/Hex       #.....       83%         3
 Gell's Gravitas          Tloc           #.........   83%         3
 Static Discharge         Conj/Air       #.......     83%         3
 Tukima's Dance           Hex            #.......     83%         3
 Airstrike                Air            #.........   99%         4
 Petrify                  Tmut/Erth      #.......     99%         4
 Lightning Bolt           Conj/Air       #.........   100%        5
 Metabolic Englaciation   Hex/Ice        #.........   100%        5
 Yara's Violent Unravell  Hex/Tmut       #.........   100%        5


Dungeon Overview and Level Annotations

Branches:
Dungeon (10/15)            Temple (1/1) D:5            Lair (0/6) D:10
    Orc: D:9-12

Altars:
Ashenzari
Dithmenos
Elyvilon
Fedhas
Gozag
Kikubaaqudgha
Makhleb
Nemelex Xobeh
Okawaru
Qazlal
Ru
Uskayaw
Wu Jian
Xom
Yredelemnul
Zin
The Shining One

Shops:
D:8 ?


Innate Abilities, Weirdness & Mutations

You reflexively headbutt those who attack you in melee.
You have a pair of horns on your head.


Message History

The bolt of lightning hits you!!
* * * LOW HITPOINT WARNING * * *
The bolt of lightning hits you!
* * * LOW HITPOINT WARNING * * *
Firing (i - inventory)
d - 74 bolts (quivered)
Press: ? - help, Shift-Dir - straight line, f/p - deep elf mage
Aim: a deep elf mage, wielding a +0 rapier (moderately wounded)
You shoot a bolt. The bolt hits the deep elf mage.
The deep elf mage is heavily wounded.
You block the deep elf mage's attack.
Unknown command.
Unknown command.
Firing (i - inventory)
d - 73 bolts (quivered)
Press: ? - help, Shift-Dir - straight line, f/p - deep elf mage
Aim: a deep elf mage, wielding a +0 rapier (heavily wounded)
You shoot a bolt. The bolt hits the deep elf mage.
The deep elf mage is severely wounded.
The deep elf mage casts a spell at you. The bolt of lightning hits you!!
You die...

............# #.#
.........#### #.# ........##
### #.# .......## ##.## #.#
........# ##.#.###.#
........# ##.##..##.#
......### ##.##..#.#.###
........#####.##..###....#
.......###...##e@##.##.#.###
#...........##.)##...##....#
#..........##.(##..#..##.#.#
..........##..##..###..##..#
.........##.(##..##=##..##.##
##......##..##|..8..|##..##.#
####<....##. ##.##..##..##.##
###......## ### .##..##.##
##.#.......## ##..##.##


You could see a deep elf mage.

Vanquished Creatures
  A catoblepas (D:10)
  A two-headed ogre (D:10)
  An unseen horror (D:9)
  A gargoyle (D:10)
  2 trolls
  A wraith (D:10)
  2 wyverns
  A yak (D:10)
  A shadow (D:10)
  A basilisk (D:10)
  Menkaure (D:6)
  A steam dragon (D:10)
  2 orc warriors (D:8)
  An ice beast (D:7)
  An eye of draining (D:8)
  5 ogres
  2 black bears
  2 necrophages
  3 phantoms
  2 centaurs
  6 bullfrogs
  A gnoll sergeant (D:7)
  4 scorpions
  3 killer bees (D:9)
  6 wights
  5 howler monkeys
  7 hounds
  A jelly (D:9)
  4 orc priests
  A bullfrog zombie (D:8)
  2 bullfrog skeletons
  9 orc wizards
  2 iguanas
  9 worker ants
  3 hound zombies
  A hound skeleton (D:9)
  2 howler monkey zombies
  2 howler monkey skeletons (D:9)
  16 gnolls
  13 adders
  6 shadow imps
  4 white imps
  6 ufetubi
  5 oozes
  An adder zombie (D:6)
  2 worms
  4 dart slugs
  4 leopard geckos
  40 orcs
  3 ball pythons
  2 bat zombies (D:7)
  9 giant cockroaches
  6 goblins
  6 hobgoblins
  19 jackals
  11 kobolds
  7 quokkas
  9 bats
  10 frilled lizards
  A jackal skeleton (D:7)
  A jackal zombie (D:6)
  2 leopard gecko skeletons (D:6)
  A quokka skeleton (D:10)
  7 rats
  2 rat zombies (D:7)
297 creatures vanquished.

Vanquished Creatures (others)
  A centaur (D:5)
  A hound (D:5)
  A worker ant (D:5)
  A leopard gecko (D:5)
  An orc (D:5)
5 creatures vanquished.

Grand Total: 302 creatures vanquished

Notes
Turn   | Place    | Note
-------+----------+-------------------------------------------
     0 | D:1      | Napalmbreeze the Minotaur Hunter began the quest for the
                  | Orb.
     0 | D:1      | Reached XP level 1. HP: 18/18 MP: 0/0
    27 | D:1      | Reached skill level 3 in Fighting
   106 | D:1      | Reached XP level 2. HP: 26/26 MP: 1/1
   298 | D:1      | Reached XP level 3. HP: 33/33 MP: 2/2
   418 | D:1      | Reached skill level 5 in Crossbows
   957 | D:2      | Found an iron altar of Okawaru.
  1009 | D:2      | Reached skill level 4 in Fighting
  1009 | D:2      | Reached XP level 4. HP: 40/40 MP: 3/3
  1149 | D:2      | Found a faded altar of an unknown god.
  1314 | D:2      | Became a worshipper of Warmaster Okawaru
  1445 | D:2      | Reached XP level 5. HP: 47/47 MP: 4/4
  1743 | D:3      | Found a sparkling altar of Nemelex Xobeh.
  1764 | D:3      | Found a hide-covered altar of Uskayaw.
  1869 | D:3      | Found a stormy altar of Qazlal.
  2225 | D:3      | Found an opulent altar of Gozag.
  2970 | D:4      | Reached skill level 5 in Fighting
  3232 | D:4      | Noticed an ogre
  3239 | D:4      | Killed an ogre
  3239 | D:4      | Reached * piety under Okawaru
  3239 | D:4      | Reached XP level 6. HP: 26/56 MP: 5/5
  3647 | D:5      | Entered Level 5 of the Dungeon
  3821 | D:5      | Found a white marble altar of Elyvilon.
  3848 | D:5      | Found a shimmering altar of Xom.
  3866 | D:5      | Reached XP level 7. HP: 59/61 MP: 6/6
  3876 | D:5      | Reached ** piety under Okawaru
  3876 | D:5      | Reached skill level 1 in Invocations
  4080 | D:5      | Found a staircase to the Ecumenical Temple.
  4106 | Temple   | Entered the Ecumenical Temple
  4806 | D:6      | Noticed Menkaure
  4811 | D:6      | Killed Menkaure
  4815 | D:6      | Found a burning altar of Makhleb.
  4834 | D:6      | Found an ornate altar of the Wu Jian Council.
  4843 | D:6      | Reached skill level 6 in Fighting
  4843 | D:6      | Reached XP level 8. HP: 70/70 MP: 8/8
  5086 | D:6      | Reached skill level 10 in Crossbows
  5218 | D:6      | Reached *** piety under Okawaru
  5231 | D:6      | Reached skill level 7 in Fighting
  5847 | D:7      | Reached skill level 8 in Fighting
  6184 | D:7      | Reached skill level 9 in Fighting
  6201 | D:7      | Reached XP level 9. HP: 83/83 MP: 11/11
  6586 | D:7      | Found an ancient bone altar of Kikubaaqudgha.
  6618 | D:7      | Reached skill level 10 in Fighting
  7122 | D:8      | Got a shimmering buckler
  7130 | D:8      | Identified the +2 buckler "Toppoolaah" {rC+ MP+9} (You
                  | found it on level 8 of the Dungeon)
  7254 | D:8      | Reached **** piety under Okawaru
  7254 | D:8      | Reached skill level 1 in Shields
  7387 | D:8      | Noticed a troll
  7394 | D:8      | Killed a troll
  7394 | D:8      | Reached skill level 11 in Fighting
  7518 | D:8      | Found a glowing golden altar of the Shining One.
  7677 | D:8      | Found Waisay Cyze's Magic Scroll Shoppe.
  7702 | D:8      | Bought a scroll of blinking for 97 gold pieces
  7702 | D:8      | Bought a scroll of identify for 26 gold pieces
  7702 | D:8      | Bought a scroll of identify for 26 gold pieces
  7702 | D:8      | Bought a scroll of identify for 26 gold pieces
  7702 | D:8      | Bought a scroll of identify for 26 gold pieces
  7789 | D:8      | Found a glowing silver altar of Zin.
  7812 | D:8      | Reached ***** piety under Okawaru
  8067 | D:9      | Received a gift from Okawaru
  8067 | D:9      | Reached skill level 12 in Fighting
  8067 | D:9      | Reached XP level 10. HP: 97/97 MP: 12/12
  8106 | D:9      | Found a basalt altar of Yredelemnul.
  8178 | D:9      | Killed an unseen horror
  8703 | D:9      | Found a sacrificial altar of Ru.
  8865 | D:9      | Found a shadowy altar of Dithmenos.
  8927 | D:9      | Received a gift from Okawaru
  9212 | D:9      | Reached skill level 13 in Fighting
  9220 | D:9      | Found a burning altar of Makhleb.
  9408 | D:10     | Entered Level 10 of the Dungeon
  9581 | D:10     | Received a gift from Okawaru
  9599 | D:10     | Got a brightly glowing kite shield {god gift}
  9690 | D:10     | Found a staircase to the Lair.
  9771 | D:10     | Identified the +0 kite shield "Pamepeg" {Int+5} (Okawaru
                  | gifted it to you on level 10 of the Dungeon)
  9858 | D:10     | Noticed a two-headed ogre
  9872 | D:10     | Killed a two-headed ogre
  9929 | D:10     | Reached skill level 14 in Fighting
  9967 | D:10     | Noticed a catoblepas
  9978 | D:10     | Killed a catoblepas
 10006 | D:10     | Reached XP level 11. HP: 110/110 MP: 13/13
 10165 | D:10     | Noticed a deep elf mage
 10188 | D:10     | Killed from afar by a deep elf mage

Illustrated notes

Levels and vault maps discovered:
D:1:      eino_arrival_cavern_b, layout_basic, chequers_serial_rivers_small_b
D:2:      layout_loops_cross, chequers_ecumenical_altar_island,
          okawaru_metal_pillars_1_2
D:3:      layout_basic, eat_drink_and_be_merry_uskayaw, lemuel_doored_altar,
          lemuel_crystal_altar, minmay_misc_feat_pillars,
          nicolae_qazlal_eye_of_the_storm
D:4:      layout_loops_corners, serial_glass, glass_columns_a, glass_columns_a,
          glass_columns_c, glass_columns_a, glass_columns_b, glass_columns_a,
          glass_columns_b, glass_columns_a, glass_columns_a, glass_columns_a,
          chequers_serial_rivers_small_3
D:5:      layout_basic, xom_confusion_cloud, kennysheep_little_box,
          minmay_temple_entry_drinking_statues, nrook_pool_corridor,
          minmay_a_box_with_orc_wizards_in_it
D:6:      layout_layer_cave, overflow_temple_1_default, old_standard_altar,
          kennysheep_decorative_pillar, uniq_menkaure
D:7:      layout_basic, lemuel_zombie_altar_kikubaaqudgha, hex_medium
D:8:      layout_rooms, old_standard_altar, marbit_many_paths, serial_shops,
          nicolae_shop_behind_doors, minmay_misc_feat_ornament
D:9:      layout_roguey, lemuel_coloured_pillars_altar,
          nicolae_ru_great_annihilating_truth, overflow_temple_1_default,
          basic_altar
D:10:     layout_cave_pools, david_lair_generic, hangedman_abyss_or_decor_stabs,
          minmay_diamond_spiral
Temple:   compressed_dpeg_triangle_lava_temple

Skill      XL: |  1  2  3  4  5  6  7  8  9 10 |
---------------+-------------------------------+-----
Fighting       | 3 4 5 6 9 12 14 | 14.1
Crossbows      | 5 6 7 8 9 10 12 | 12.1
Invocations    | 2 4 |  4.0
Shields        | 4 |  4.0
Dodging        | |  2.1
Stealth        | |  0.7

Action                   |  1- 3 |  4- 6 |  7- 9 | 10-12 || total
-------------------------+-------+-------+-------+-------++-------
Melee: Hand axe          |       |       |     4 |    20 ||    24
       Headbutt          |       |       |     1 |     3 ||     4
 Fire: Hand crossbow     |    80 |   178 |   404 |   199 ||   861
Invok: Heroism           |       |       |     4 |     9 ||    13
       Finesse           |       |       |       |     1 ||     1
  Use: Scroll            |       |    10 |     9 |       ||    19
       Potion            |       |       |       |     1 ||     1
Armor: Leather armour    |    12 |    24 |    56 |    17 ||   109
       Troll leather arm |       |       |       |    19 ||    19
Dodge: Dodged            |    22 |    26 |   171 |    69 ||   288
Block: Buckler           |       |       |     5 |    44 ||    49

Table legend: (Time is in decaauts)
 A = Elapsed time spent in this place.
 B = Non-inter-level travel time spent in this place.
 C = Inter-level travel time spent in this place.
 D = Time resting spent in this place.
 E = Time spent auto-exploring this place.
 F = Levels seen in this place.
 G = Mean time per level.
                   A        B        C        D        E       F      G
               +--------+--------+--------+--------+--------+-----+--------+
         Total |  10257 |   9914 |    343 |    909 |   5998 |  11 |  932.5 |
       Dungeon |  10255 |   9912 |    343 |    909 |   5998 |  10 | 1025.5 |
        Temple |      1 |      1 |      0 |      0 |      0 |   1 |    1.0 |
               +--------+--------+--------+--------+--------+-----+--------+

Top non-repeatable levels by time:
     D:9: 1388 daAuts
     D:4: 1276 daAuts
     D:8: 1155 daAuts
     D:7: 1109 daAuts
     D:5: 1083 daAuts
     D:6: 1023 daAuts
     D:1: 928 daAuts
    D:10: 786 daAuts
     D:2: 782 daAuts
     D:3: 718 daAuts
  Temple: 1 daAuts
